[Event "ICC tourney 2333 (75 10)"]
[Site "Internet Chess Club"]
[Date "2021.01.24"]
[Round "6"]
[White "mr-sosa"]
[Black "Yucheng"]
[Result "1/2-1/2"]
[ICCResult "Game drawn by mutual agreement"]
[WhiteElo "2086"]
[BlackElo "1889"]
[Opening "Scotch gambit: Dubois-Réti defense"]
[ECO "C55"]
[NIC "KP.02"]
[Time "20:01:34"]
[PlyCount "72"]
[TimeControl "4500+10"]

1. e4 e5 2. Nf3 Nc6 3. d4 exd4 4. Bc4 Nf6 5. e5 d5 6. Bb5 Ne4 7. Nxd4 Bd7
8. Bxc6 bxc6 9. O-O Be7 10. Nd2 Nxd2 11. Bxd2 O-O 12. f4 c5 13. Ne2 Rb8 14.
f5 Bb5 15. a4 Ba6 16. f6 gxf6 17. Bh6 fxe5 18. Nd4 Rb6 19. Bxf8 Bxf1 20.
Bxe7 Qxe7 21. Nf5 Qg5 22. Qxf1 Rf6 23. Ne7+ Kf8 24. Qd3 Kxe7 25. Qxd5 Qe3+
26. Kh1 Rd6 27. Qb7 Qe2 28. Qxc7+ Ke6 29. Qc8+ Kf6 30. Qh8+ Ke7 31. Rg1 Rd1
32. h3 Rxg1+ 33. Kxg1 Qe3+ 34. Kh2 Qf4+ 35. Kh1 e4 36. Qc3 Qd6 { Game drawn
by mutual agreement } 1/2-1/2

[Event "ICC tourney 2333 (75 10)"]
[Site "Internet Chess Club"]
[Date "2021.01.24"]
[Round "6"]
[White "canary2016"]
[Black "investigator"]
[Result "1-0"]
[ICCResult "Black resigns"]
[WhiteElo "1923"]
[BlackElo "2090"]
[Opening "Queen's pawn: London system"]
[ECO "A45"]
[NIC "QP.07"]
[Time "20:01:38"]
[PlyCount "65"]
[TimeControl "4500+10"]

1. d4 Nf6 2. Bf4 g6 3. Nc3 Bg7 4. e4 d6 5. Qd2 a6 6. Bh6 O-O 7. f3 Nbd7 8.
O-O-O c5 9. Nge2 b5 10. g4 b4 11. Nb1 Qa5 12. h4 Qxa2 13. h5 Nb6 14. b3 c4
15. hxg6 fxg6 16. Qxb4 cxb3 17. Qxb3+ Qxb3 18. cxb3 Bxh6+ 19. Rxh6 Bxg4 20.
fxg4 Nxg4 21. Rh4 Ne3 22. Bh3 Nxd1 23. Kxd1 Kg7 24. Nf4 g5 25. Ne6+ Kg6 26.
Nxf8+ Rxf8 27. Bf5+ Kf6 28. Rxh7 Nd5 29. Rh6+ Kg7 30. Rg6+ Kh8 31. Rxg5 Nf6
32. Nc3 Rc8 33. Bxc8 { Black resigns } 1-0

[Event "ICC tourney 2333 (75 10)"]
[Site "Internet Chess Club"]
[Date "2021.01.24"]
[Round "6"]
[White "closedforce"]
[Black "BreatheChessAls"]
[Result "1/2-1/2"]
[ICCResult "Game drawn by mutual agreement"]
[WhiteElo "1922"]
[BlackElo "1915"]
[Opening "QGD Slav: 3.Nf3"]
[ECO "D11"]
[NIC "SL.01"]
[Time "20:01:35"]
[PlyCount "104"]
[TimeControl "4500+10"]

1. d4 d5 2. c4 c6 3. Nf3 Nf6 4. Qb3 dxc4 5. Qxc4 Bf5 6. g3 e6 7. Bg2 h6 8.
O-O Nbd7 9. Nc3 Be7 10. Re1 Ne4 11. Qb3 Nxc3 12. bxc3 Qb6 13. e4 Bh7 14.
Rb1 O-O 15. Ba3 Qxb3 16. Rxb3 Bxa3 17. Rxa3 Nb6 18. Ne5 f6 19. Nd3 Nd7 20.
Rb3 Rab8 21. Bh3 Rfe8 22. Nf4 Nf8 23. e5 fxe5 24. Rxe5 Kh8 25. Rb2 Bg8 26.
Rbe2 Rbd8 27. Bxe6 Nxe6 28. Nxe6 Bxe6 29. Rxe6 Rxe6 30. Rxe6 Rd7 31. Kg2
Kg8 32. Kf3 Kf7 33. Re5 g6 34. Ke4 Kf6 35. h4 Kf7 36. a4 Kg7 37. f3 Kf7 38.
c4 Kf6 39. g4 Kg7 40. f4 Kf7 41. g5 hxg5 42. hxg5 Rd8 43. d5 cxd5+ 44. cxd5
Rd6 45. Kd3 Ra6 46. Re4 Ra5 47. d6 Ra6 48. Re7+ Kf8 49. Re6 Kf7 50. d7 Kxe6
51. d8=Q Rd6+ 52. Qxd6+ Kxd6 { Game drawn by mutual agreement } 1/2-1/2

[Event "ICC tourney 2333 (75 10)"]
[Site "Internet Chess Club"]
[Date "2021.01.24"]
[Round "6"]
[White "Chessking2008"]
[Black "dpomerantz135"]
[Result "1-0"]
[ICCResult "Black resigns"]
[WhiteElo "2200"]
[BlackElo "2238"]
[Opening "Nimzo-Indian: classical variation"]
[ECO "E32"]
[NIC "NI.24"]
[Time "20:01:44"]
[PlyCount "59"]
[TimeControl "4500+10"]

1. d4 Nf6 2. c4 e6 3. Nc3 Bb4 4. Qc2 O-O 5. Nf3 d5 6. cxd5 exd5 7. Bg5 h6
8. Bh4 c5 9. dxc5 d4 10. O-O-O Bxc3 11. bxc3 Na6 12. e3 Nxc5 13. exd4 Ne6
14. Bc4 a6 15. Bb3 b5 16. Ne5 a5 17. Qd3 Ba6 18. Ng4 Ng5 19. Nxf6+ Qxf6 20.
Qd2 Rfc8 21. f4 Rxc3+ 22. Kb2 b4 23. fxg5 hxg5 24. Qxg5 Qc6 25. Qd5 Rxb3+
26. Qxb3 Qxg2+ 27. Ka1 Rc8 28. Rhg1 Qe4 29. Bf6 g6 30. Qh3 { Black resigns
} 1-0

[Event "ICC tourney 2333 (75 10)"]
[Site "Internet Chess Club"]
[Date "2021.01.24"]
[Round "6"]
[White "AJM04"]
[Black "Mrpeetapizza"]
[Result "1-0"]
[ICCResult "Black resigns"]
[WhiteElo "2050"]
[BlackElo "1913"]
[Opening "Sicilian: closed, 6.Be3"]
[ECO "B26"]
[NIC "SI.45"]
[Time "20:02:27"]
[PlyCount "93"]
[TimeControl "4500+10"]

1. e4 c5 2. Nc3 Nc6 3. g3 g6 4. Bg2 Bg7 5. d3 d6 6. Be3 a6 7. f4 e6 8. Nf3
Nge7 9. O-O O-O 10. d4 cxd4 11. Nxd4 Qc7 12. Nxc6 Nxc6 13. Qe2 b5 14. Rad1
Bb7 15. Qf2 Rac8 16. Rd2 Ne7 17. Rfd1 Qc4 18. Rxd6 Qb4 19. Rd7 Ba8 20. Bd4
Qxb2 21. Nd5 Bxd4 22. Nxe7+ Kh8 23. Qxd4+ Qxd4+ 24. R1xd4 Rxc2 25. Rd2 Rxd2
26. Rxd2 Kg7 27. e5 Bxg2 28. Kxg2 Re8 29. Nc6 Rc8 30. Rd6 a5 31. Kf3 b4 32.
Ke3 Ra8 33. Kd3 b3 34. axb3 a4 35. bxa4 Rxa4 36. Rd7 Kf8 37. Rd8+ Kg7 38.
Ne7 Ra2 39. Rg8+ Kh6 40. Ke3 Rxh2 41. Kf3 Ra2 42. Kg4 Rc2 43. Nc8 Rc6 44.
Nd6 f5+ 45. exf6 Rxd6 46. f7 Rd8 47. Rxd8 { Black resigns } 1-0

[Event "ICC tourney 2333 (75 10)"]
[Site "Internet Chess Club"]
[Date "2021.01.24"]
[Round "6"]
[White "schubakov"]
[Black "f5"]
[Result "0-1"]
[ICCResult "White resigns"]
[WhiteElo "2161"]
[BlackElo "2207"]
[Opening "Dutch: Leningrad, main variation"]
[ECO "A87"]
[NIC "HD.06"]
[Time "20:01:53"]
[PlyCount "48"]
[TimeControl "4500+10"]

1. d4 f5 2. c4 Nf6 3. g3 g6 4. Bg2 Bg7 5. Nf3 d6 6. O-O O-O 7. Nc3 Qe8 8.
d5 Na6 9. Nd4 Bd7 10. Re1 Nc5 11. b4 e5 12. Nxf5 gxf5 13. bxc5 dxc5 14. e4
f4 15. gxf4 exf4 16. e5 Ng4 17. Bb2 Qg6 18. e6 f3 19. Qb1 Qh5 20. h3 fxg2
21. Qe4 Nxf2 22. Qxg2 Nxh3+ 23. Kh1 Rf2 24. Qg3 Rxb2 { White resigns } 0-1

[Event "ICC tourney 2333 (75 10)"]
[Site "Internet Chess Club"]
[Date "2021.01.24"]
[Round "6"]
[White "pika0008"]
[Black "saisneha"]
[Result "1-0"]
[ICCResult "Black checkmated"]
[WhiteElo "1895"]
[BlackElo "1927"]
[Opening "English opening"]
[ECO "A05"]
[NIC "QP.11"]
[Time "20:01:49"]
[PlyCount "141"]
[TimeControl "4500+10"]

1. Nf3 Nf6 2. c4 e6 3. e3 c5 4. Nc3 Nc6 5. d4 Be7 6. Be2 O-O 7. O-O b6 8.
b3 Bb7 9. Bb2 cxd4 10. exd4 d5 11. cxd5 Nxd5 12. Nxd5 Qxd5 13. Bc4 Qf5 14.
Qd3 Qxd3 15. Bxd3 Nb4 16. Be2 Rac8 17. Ba3 Rc2 18. Bd1 Rc3 19. Be2 Rfc8 20.
Ne5 Nc2 21. Bxe7 Nxa1 22. Rxa1 Rc1+ 23. Rxc1 Rxc1+ 24. Bf1 Ba6 25. Nc4 b5
26. Ne3 f5 27. f4 Kf7 28. Bc5 Rc3 29. Kf2 Kf6 30. Ke2 b4+ 31. Kd2 Bxf1 32.
Nxf1 g5 33. Ne3 gxf4 34. Nd1 f3 35. Nxc3 bxc3+ 36. Ke3 c2 37. Ba3 fxg2 38.
Kf2 e5 39. Kxg2 exd4 40. Kf2 Ke5 41. Kf3 f4 42. Bc1 d3 43. Bxf4+ Kd4 44.
Bc1 Kc3 45. Ke3 a6 46. b4 Kc4 47. Kd2 h5 48. h4 Kd4 49. a4 Kc4 50. b5 axb5
51. axb5 Kxb5 52. Kxd3 Kc5 53. Kxc2 Kd4 54. Bg5 Ke4 55. Kd2 Kd4 56. Ke2 Ke4
57. Be3 Ke5 58. Kf3 Kf5 59. Bf4 Kf6 60. Ke4 Kg6 61. Bg5 Kh7 62. Kf5 Kg7 63.
Bf4 Kh7 64. Kg5 Kg7 65. Kxh5 Kh7 66. Kg5 Kg7 67. h5 Kh7 68. h6 Kh8 69. Kg6
Kg8 70. h7+ Kh8 71. Be5# { Black checkmated } 1-0

[Event "ICC tourney 2333 (75 10)"]
[Site "Internet Chess Club"]
[Date "2021.01.24"]
[Round "6"]
[White "kunalsh"]
[Black "redhawk2020"]
[Result "1/2-1/2"]
[ICCResult "Game drawn by mutual agreement"]
[WhiteElo "2054"]
[BlackElo "1954"]
[Opening "Sicilian: Alapin's variation (2.c3)"]
[ECO "B22"]
[NIC "SI.46"]
[Time "20:01:55"]
[PlyCount "80"]
[TimeControl "4500+10"]

1. e4 c5 2. c3 d5 3. exd5 Qxd5 4. d4 e6 5. Nf3 Nf6 6. Be3 cxd4 7. cxd4 Nc6
8. a3 Be7 9. Nc3 Qd6 10. Bc4 a6 11. d5 exd5 12. Nxd5 Nxd5 13. Bxd5 Be6 14.
Be4 h6 15. O-O O-O 16. b4 Rfd8 17. Qe2 Bf6 18. Rac1 Rac8 19. Rfd1 Qe7 20.
Bc5 Qe8 21. h3 Bf5 22. Re1 Qxe4 23. Qxe4 Bxe4 24. Rxe4 Nd4 25. Nxd4 Bxd4
26. Rc4 Bxc5 27. Rxc5 Rxc5 28. bxc5 Rd1+ 29. Kh2 Rc1 30. Re8+ Kh7 31. Re7
Rxc5 32. Rxb7 Rc3 33. a4 Rc4 34. Rxf7 Rxa4 35. Ra7 Ra3 36. f3 a5 37. Kg3
Ra1 38. f4 Kg6 39. Kg4 Ra4 40. Ra6+ Kh7 { Game drawn by mutual agreement }
1/2-1/2

[Event "ICC tourney 2333 (75 10)"]
[Site "Internet Chess Club"]
[Date "2021.01.24"]
[Round "6"]
[White "sirking2800"]
[Black "jy2020"]
[Result "0-1"]
[ICCResult "White resigns"]
[WhiteElo "2005"]
[BlackElo "2213"]
[Opening "Sicilian: Najdorf, Opocensky variation"]
[ECO "B92"]
[NIC "SI.11"]
[Time "20:01:36"]
[PlyCount "110"]
[TimeControl "4500+10"]

1. e4 c5 2. Nf3 d6 3. d4 cxd4 4. Nxd4 Nf6 5. Nc3 a6 6. Be2 e5 7. Nb3 Be7 8.
O-O O-O 9. f4 Nbd7 10. Kh1 b5 11. Bf3 Bb7 12. Nd5 Bxd5 13. exd5 e4 14. Nd4
Re8 15. Nc6 Qc7 16. Re1 Bf8 17. Be2 Nb6 18. a4 Nxa4 19. c4 Nb6 20. b3 g6
21. Be3 Bg7 22. Rc1 bxc4 23. bxc4 Nbd7 24. Qa4 Nc5 25. Qa3 Nfd7 26. Rb1 f5
27. Rb4 Rf8 28. Qa2 g5 29. Qd2 gxf4 30. Bxf4 Ne5 31. Reb1 Qf7 32. Qd1 Qf6
33. Rb6 Ned3 34. Qf1 Nxf4 35. Qxf4 Bh6 36. Ne7+ Qxe7 37. Qxh6 Rad8 38. Qf4
Kh8 39. h3 Qf6 40. Rc6 Qg6 41. Rbb6 Rg8 42. g4 fxg4 43. Rxd6 Rxd6 44. Rxd6
Qg7 45. hxg4 Rf8 46. Qe3 Qa1+ 47. Kg2 Qe1 48. Rg6 Nb3 49. Rg5 Rf3 50. Rg8+
Kxg8 51. Qg5+ Kf7 52. Qh5+ Kf6 53. g5+ Ke5 54. Bxf3 exf3+ 55. Qxf3 Qe4 {
White resigns } 0-1

[Event "ICC tourney 2333 (75 10)"]
[Site "Internet Chess Club"]
[Date "2021.01.24"]
[Round "6"]
[White "penguinwizard"]
[Black "SuperPuzzler"]
[Result "1-0"]
[ICCResult "Black resigns"]
[WhiteElo "2120"]
[BlackElo "1993"]
[Opening "King's Indian: 4.e4"]
[ECO "E70"]
[NIC "KI.31"]
[Time "20:01:32"]
[PlyCount "185"]
[TimeControl "4500+10"]

1. d4 Nf6 2. c4 g6 3. Nc3 Bg7 4. e4 d6 5. Bd3 O-O 6. Nge2 c5 7. d5 e6 8.
O-O exd5 9. exd5 Nbd7 10. f4 Re8 11. h3 a6 12. a4 Nf8 13. Bd2 N6d7 14. Kh1
f5 15. Ng1 Nf6 16. Nf3 Bd7 17. a5 b6 18. axb6 Qxb6 19. Qc2 Reb8 20. Ra2 Qb3
21. Qxb3 Rxb3 22. Bc2 Rb6 23. g3 Ne8 24. b3 Kf7 25. Nd1 h6 26. Bc3 Bxc3 27.
Nxc3 Nc7 28. Kg2 Nh7 29. Nh4 Nf6 30. Kf3 Re8 31. Rg1 Ne4 32. Nxe4 fxe4+ 33.
Kg2 g5 34. fxg5 hxg5 35. Rf1+ Kg7 36. Nf5+ Kg6 37. g4 Bxf5 38. Rxf5 Rbb8
39. Ra1 Re7 40. Raf1 Ne8 41. Rf8 Kg7 42. R8f5 Kg6 43. Ra1 Ra8 44. Kg3 Nf6
45. Raf1 Nd7 46. h4 gxh4+ 47. Kxh4 Rh8+ 48. Kg3 Rhe8 49. Kf4 Nf6 50. Rg5+
Kf7 51. Ke3 Re5 52. Rgf5 Rxf5 53. gxf5 Rb8 54. Re1 Rg8 55. Ra1 Rg3+ 56. Kf2
Rc3 57. Bd1 e3+ 58. Kf3 Nd7 59. Rxa6 Ne5+ 60. Ke2 Rd3 61. Ra2 Kf6 62. Bc2
Rc3 63. Rb2 Nf7 64. Bd3 Ne5 65. Bb1 Kg5 66. Bc2 Kf6 67. Ra2 Kg5 68. Bd1 Kf6
69. Ra6 Ke7 70. f6+ Kxf6 71. Rxd6+ Kg5 72. Re6 Kf4 73. Rh6 Kg5 74. Rh3 Kf4
75. Rh4+ Kf5 76. d6 Ke6 77. Rh6+ Kd7 78. b4 cxb4 79. Ba4+ Kc8 80. Rh8+ Kb7
81. Re8 Rxc4 82. Rxe5 Rd4 83. d7 b3 84. Rxe3 b2 85. Rb3+ Kc7 86. Bb5 Rh4
87. Kd2 Rh2+ 88. Kc3 Rh3+ 89. Kxb2 Rh2+ 90. Ka3 Rh4 91. Rd3 Kd8 92. Re3 Rh8
93. Re8+ { Black resigns } 1-0

[Event "ICC tourney 2333 (75 10)"]
[Site "Internet Chess Club"]
[Date "2021.01.24"]
[Round "6"]
[White "blueeagle405"]
[Black "MCTS13"]
[Result "0-1"]
[ICCResult "White checkmated"]
[WhiteElo "1998"]
[BlackElo "2195"]
[Opening "QGD: Ragozin variation"]
[ECO "D38"]
[NIC "NI.27"]
[Time "20:01:41"]
[PlyCount "110"]
[TimeControl "4500+10"]

1. d4 d5 2. c4 e6 3. Nc3 Bb4 4. Nf3 Nf6 5. Bf4 O-O 6. Qc2 Nc6 7. e3 a6 8.
a3 Bd6 9. Bg3 Re8 10. Bd3 h6 11. O-O Bxg3 12. hxg3 Qe7 13. Ne5 Nxe5 14.
dxe5 Ng4 15. cxd5 Nxe5 16. Rfd1 Nxd3 17. Rxd3 e5 18. Rc1 Bd7 19. d6 cxd6
20. Nd5 Qd8 21. Nc7 Bf5 22. Nxa8 Qxa8 23. Qb3 Bxd3 24. Qxd3 Qb8 25. e4 Rc8
26. Rxc8+ Qxc8 27. Qxd6 Qc1+ 28. Kh2 Qxb2 29. f4 exf4 30. gxf4 Qb5 31. e5
Qc4 32. Qb8+ Kh7 33. Qxb7 Qxf4+ 34. Kh1 Qh4+ 35. Kg1 Qe1+ 36. Kh2 Qxe5+ 37.
g3 Qe2+ 38. Kh1 f5 39. Qf7 Qg4 40. Kh2 Qg6 41. Qc4 Qd6 42. a4 h5 43. Kg2
Qf6 44. Kf3 g5 45. Qc7+ Kh6 46. a5 g4+ 47. Kf2 h4 48. Qb6 hxg3+ 49. Kxg3
Kg5 50. Kg2 f4 51. Qc5+ Kh4 52. Qb6 f3+ 53. Kh2 g3+ 54. Kg1 Qa1+ 55. Qb1
Qxb1# { White checkmated } 0-1

[Event "ICC tourney 2333 (75 10)"]
[Site "Internet Chess Club"]
[Date "2021.01.24"]
[Round "6"]
[White "JQX2019"]
[Black "WonderZ"]
[Result "0-1"]
[ICCResult "White resigns"]
[WhiteElo "1910"]
[BlackElo "2064"]
[Opening "King's Indian: 4.e4"]
[ECO "E70"]
[NIC "KI.31"]
[Time "20:01:51"]
[PlyCount "71"]
[TimeControl "4500+10"]

1. d4 Nf6 2. c4 g6 3. Nc3 Bg7 4. e4 d6 5. Bd3 c5 6. d5 e6 7. Nge2 exd5 8.
exd5 O-O 9. O-O Nbd7 10. Bc2 a6 11. a4 b6 12. h3 Qc7 13. Be3 Re8 14. Kh1
Rb8 15. Qd2 Nf8 16. f4 Bd7 17. Bd3 Qc8 18. Rf3 b5 19. axb5 axb5 20. cxb5 c4
21. Bc2 Bxb5 22. Nd4 Bd7 23. Ba4 Qb7 24. Nc6 Qxb2 25. Qxb2 Rxb2 26. Bd4 Rd2
27. Nb1 Re1+ 28. Kh2 Rd3 29. Rxd3 cxd3 30. Bc3 Ng4+ 31. hxg4 Bxc3 32. Ne7+
Kg7 33. Ra3 Rxb1 34. Bxd7 d2 35. Ba4 Bf6 36. Nc8 { White resigns } 0-1

[Event "ICC tourney 2333 (75 10)"]
[Site "Internet Chess Club"]
[Date "2021.01.24"]
[Round "6"]
[White "marble"]
[Black "ASharikov"]
[Result "0-1"]
[ICCResult "White forfeits on time"]
[WhiteElo "2508"]
[BlackElo "2281"]
[Opening "French: Tarrasch"]
[ECO "C03"]
[NIC "FR.14"]
[Time "20:01:36"]
[PlyCount "270"]
[TimeControl "4500+10"]

1. e4 e6 2. d4 d5 3. Nd2 Be7 4. Bd3 c5 5. dxc5 Nf6 6. Qe2 Nc6 7. Ngf3 a5 8.
O-O O-O 9. c3 Re8 10. a4 Nd7 11. Nb3 Nxc5 12. Nxc5 Bxc5 13. Bg5 Be7 14. Bf4
e5 15. exd5 exf4 16. dxc6 bxc6 17. Rad1 Qc7 18. Bc4 Bf5 19. Qe5 Qxe5 20.
Nxe5 Bg6 21. Rd7 Rad8 22. Ra7 Rd2 23. Nxg6 hxg6 24. Re1 Kf8 25. b3 Rc2 26.
Rxa5 Bh4 27. Rxe8+ Kxe8 28. g3 fxg3 29. hxg3 Be7 30. Re5 Rxc3 31. a5 Rc1+
32. Kg2 Ra1 33. a6 Kd7 34. Bxf7 Rxa6 35. Bxg6 Ra2 36. Bf5+ Kd8 37. Bd3 Bf6
38. Re4 Rb2 39. Bc4 c5 40. Rf4 Bd4 41. Rf7 Ke8 42. g4 Rb1 43. f4 Re1 44. g5
Re7 45. Rf5 Re3 46. g6 Re1 47. Kf3 Ke7 48. Rf7+ Kd6 49. Kg4 Re7 50. Rf8 Re1
51. Kf5 Re7 52. Ra8 Re3 53. Ra6+ Kd7 54. Ra7+ Kd6 55. Bb5 Re7 56. Ra6+ Kc7
57. Rc6+ Kb7 58. Rd6 Kc7 59. Ra6 Kb7 60. Bc4 Kc7 61. Be6 Kb7 62. Ra2 Kc7
63. Ra8 Kb7 64. Rf8 Kc7 65. Bc4 Kd6 66. Ra8 Kc7 67. Rg8 Kd6 68. Rd8+ Kc7
69. Rh8 Kd6 70. Bf7 Kd7 71. Ra8 Kc7 72. Be6 Kb7 73. Ra2 Kc6 74. Re2 Kd6 75.
Re4 Bc3 76. Ra4 Kc6 77. Rc4 Bd4 78. Rc2 Kd6 79. Bc4 Kc7 80. Kg4 Kd6 81. Ra2
Kc6 82. Rd2 Bc3 83. Rd8 Kc7 84. Ra8 Bd4 85. f5 Re4+ 86. Kf3 Re7 87. Be6 Kd6
88. Ke4 Bc3 89. Rd8+ Kc7 90. Rf8 Kd6 91. Rd8+ Kc7 92. Rd3 Bf6 93. Kd5 Kb6
94. Kc4 Rc7 95. Rh3 Kc6 96. Rh8 Kd6 97. Rb8 Be5 98. Rb6+ Rc6 99. Rb5 Rc7
100. Bd5 Bf6 101. Rb6+ Ke5 102. Be6 Be7 103. Rb8 Bf6 104. Rb6 Be7 105. Kb5
Bf6 106. Rb8 Kd6 107. Rb6+ Ke5 108. Ra6 Kd4 109. Rd6+ Ke5 110. Rd5+ Ke4
111. Kb6 Re7 112. Kxc5 Re8 113. Rd1 Rb8 114. Rd7 Rc8+ 115. Kb5 Rb8+ 116.
Kc6 Ke5 117. Rf7 Rh8 118. b4 Rh2 119. b5 Rc2+ 120. Kb6 Rc1 121. Rd7 Ke4
122. Rd2 Ke3 123. Ra2 Bd4+ 124. Kb7 Rb1 125. Ka6 Ke4 126. Re2+ Kf4 127. Rc2
Kg5 128. Rc4 Be3 129. Bd7 Bg1 130. Kb7 Kf6 131. Kc6 Bf2 132. Re4 Rc1+ 133.
Kb7 Rd1 134. Be6 Rc1 135. Ka6 Rb1 { White forfeits on time } 0-1